 Dungeon Crawl Stone Soup version 0.22-a0-879-g615c57abe7 (webtiles) character file.

7324 Bapho the Carver (level 10, -35/90 HPs)
             Began as a Grey Draconian Monk on July 30, 2018.
             Was a High Priest of Vehumet.
             Shot with a bolt by a yaktaur captain (45 damage)
             ... on level 10 of the Dungeon.
             The game lasted 00:39:31 (15978 turns).

Bapho the Carver (Grey Draconian Monk)             Turns: 15978, Time: 00:39:32

Health: -35/90     AC: -9    Str: 13    XL:     10   Next: 90%
Magic:  10/18      EV: 13    Int: 13    God:    Vehumet [*****.]
Gold:   587        SH:  0    Dex: 15    Spells: 9/20 levels left

rFire    . . .     SeeInvis .   M - +4 falchion
rCold    . . .     Gourm    .   (no shield)
rNeg     . . .     Faith    .   (armour unavailable)
rPois    +         Spirit   .   (helmet restricted)
rElec    .         Reflect  .   (no cloak)
rCorr    .         Harm     .   (no gloves)
MR       .....                  u - +2 pair of boots
Stlth    +++.......             (no amulet)
HPRegen  0.25/turn              s - ring of poison resistance
MPRegen  0.16/turn              m - ring of stealth

@: about to teleport, corroded
A: walk through water, unfitting armour, mutation resistance 1, wild magic 1,
unbreathing, cold-blooded, AC +12
a: Renounce Religion


You were on level 10 of the Dungeon.
You worshipped Vehumet.
Vehumet was extremely pleased with you.
You were not hungry.

You visited 1 branch of the dungeon, and saw 11 of its levels.
You also visited: Sewer.

You collected 587 gold pieces.

Inventory:

Hand Weapons
 a - a +0 falchion
 r - a -3 falchion
 M - a +4 falchion (weapon)
 O - the +6 mace of Extermination {holy, rPois MR+}
   (You found it on level 9 of the Dungeon)

   It has been blessed by the Shining One to cause great damage to the undead
   and demons.
   It protects you from poison.
   It affects your resistance to hostile enchantments.
Missiles
 j - 113 arrows
 q - 183 stones (quivered)
Armour
 l - a +0 pair of boots
 u - a +2 pair of boots (worn)
Magical Staves
 S - an uncursed staff of earth
Jewellery
 i - an uncursed ring of attention
 m - a ring of stealth (right hand)
 n - an uncursed ring of protection from magic {unknown}
 s - a ring of poison resistance (left hand)
 v - a -2 ring of protection
 E - an uncursed ring of ice
 G - an uncursed ring of fire
Wands
 t - a wand of acid (12)
 y - a wand of enslavement (5)
 D - a wand of flame (34)
 P - a wand of iceblast (8)
Scrolls
 d - 2 scrolls of enchant weapon {unknown}
 f - 5 scrolls of fog
 g - 4 scrolls of amnesia {unknown}
 h - a scroll of noise
 k - 2 scrolls of immolation
 w - a scroll of teleportation
 F - a scroll of enchant armour {unknown}
 H - a scroll of torment {unknown}
 L - a scroll of remove curse
 N - a scroll of magic mapping {unknown}
 Q - a scroll of identify
 R - a scroll of random uselessness {unknown}
Potions
 c - 5 potions of degeneration
 e - a potion of resistance {unknown}
 o - 3 potions of flight
 p - 2 potions of magic
 x - a potion of heal wounds
 z - 3 potions of curing
 A - a potion of brilliance {unknown}
 B - 2 potions of lignification
 C - 2 potions of agility
 I - a potion of haste {unknown}
 J - a potion of cancellation
Comestibles
 b - 11 rations


   Skills:
 + Level 8.6 Fighting
 + Level 10.6 Long Blades
 - Level 2.6 Dodging
 - Level 1.7 Stealth
 - Level 5.7 Spellcasting
 - Level 6.4 Conjurations
 * Level 0.5 Necromancy
 - Level 2.0 Fire Magic
 - Level 7.2 Earth Magic


You had 9 spell levels left.
You knew the following spells:

 Your Spells              Type           Power        Failure   Level  Hunger
a - Flame Tongue          Conj/Fire      ###..        1%          1    None
b - Lee's Rapid Deconstr  Erth           ####......   9%          5    ######.
c - Bolt of Draining      Conj/Necr      ###.......   34%         5    ######.

Your spell library contained the following spells:

 Spells                   Type           Power        Failure   Level  Hunger
 Mephitic Cloud           Conj/Pois/Air  ##......     9%          3    ###....
 Venom Bolt               Conj/Pois      ###.......   36%         5    ######.
 Olgreb's Toxic Radiance  Pois           #.......     45%         4    ####...
 Sting                    Conj/Pois      ###.         2%          1    None
 Poisonous Vapours        Pois/Air       #.....       34%         2    ##.....


Dungeon Overview and Level Annotations

Branches:
Dungeon (11/15)            Temple (0/1) D:6            Lair (0/6) D:8
    Orc: D:9-12

Altars:
Ashenzari
Vehumet

Annotations:
D:3 Pikel
D:7 Harold


Innate Abilities, Weirdness & Mutations

You can walk through water.
Your dull iron-grey scales are very hard. (AC +12)
You cannot fit into any form of body armour.
You can survive without breathing.
You are cold-blooded and may be slowed by cold attacks.
You are somewhat resistant to further mutation.
Your spells are a little harder to cast, but a little more powerful.


Message History

The yaktaur captain misses you. The rust devil hits you.
The rust devil corrodes you!
You hit the yaktaur captain but do no damage.
The yaktaur captain is lightly wounded.
The yaktaur captain hits you.
The orc sorcerer mumbles some strange words.
The orange demon stings you from afar!
* * * LOW HITPOINT WARNING * * *
The rust devil hits you.
* * * LOW HITPOINT WARNING * * *
The rust devil corrodes you!
As you read the scroll of teleportation, it crumbles to dust.
You feel strangely unstable. The yaktaur captain barely misses you.
The orange demon completely misses you. The rust devil hits you.
* * * LOW HITPOINT WARNING * * *
The rust devil corrodes you!
The yaktaur captain wields an uncursed arbalest.
The yaktaur captain shoots a bolt.
The bolt hits you!!!
Ouch! That really hurt!
You die...

##########.≈#.∩..≈)).)....#.....#
.........#.≈#...#))#####'##.....#
........##.≈#####≈))............#
........#..≈≈≈≈≈[≈..#######.....#
........#...........#.....'......
......###.....#.....#.....#......
'######.......#.....#.....#......
..............#4....#######......
.##########..oc.@..............<.
..........#..4###................
####......#.....#................
#......#.....#................
#....###[....#................
#....#.......#....<...........
#..###.......#......#####.....
#....c.......#......# #.....
####............#......# #.....


You could see a yaktaur captain, an orange demon, a rust devil and an orc
sorcerer.

Vanquished Creatures
  2 two-headed ogres (D:10)
  A troll (D:10)
  A polar bear (shapeshifter) (D:10)
  2 hippogriffs (D:8)
  A shadow (D:10)
  Sigmund (D:4)
  A human (D:9)
  2 wyverns
  Grum (D:8)
  Menkaure (D:6)
  Duvessa (D:4)
  3 ice beasts
  4 slaves
  2 sky beasts
  A necrophage (D:9)
  4 orc warriors
  An ogre (D:10)
  A centaur (D:10)
  A crocodile (D:10)
  2 wolves
  3 big kobolds
  5 bullfrogs
  Dowan (D:4)
  A scorpion (D:10)
  9 killer bees
  5 wights
  A howler monkey (D:5)
  2 crimson imps
  A centaur zombie (D:8)
  A quasit (D:10)
  2 bullfrog zombies
  A gnoll shaman (D:10)
  A jelly (D:7)
  6 orc priests
  A bullfrog skeleton (D:9)
  6 hounds
  Ijyb (D:3)
  Jessica (D:2)
  2 iguanas
  10 orc wizards
  6 worker ants
  A howler monkey zombie (D:7)
  3 worker ant zombies
  7 gnolls
  11 adders
  A howler monkey skeleton (D:5)
  7 river rats
  2 shadow imps
  An adder skeleton (D:9)
  5 worms
  6 dart slugs
  6 leopard geckos
  29 orcs
  2 ball pythons
  2 giant cockroaches (D:5)
  16 goblins
  7 hobgoblins
  12 jackals
  5 quokkas
  3 bats
  6 frilled lizards
  23 kobolds
  12 rats
266 creatures vanquished.

Vanquished Creatures (others)
  An orc priest (D:9)
  An orc wizard (D:5)
2 creatures vanquished.

Grand Total: 268 creatures vanquished

Notes
Turn   | Place    | Note
-------+----------+-------------------------------------------
     0 | D:1      | Bapho the Draconian Monk began the quest for the Orb.
     0 | D:1      | Reached XP level 1. HP: 19/19 MP: 1/1
   245 | D:1      | Reached XP level 2. HP: 17/26 MP: 2/2
  1200 | D:1      | Reached XP level 3. HP: 30/33 MP: 3/3
  1436 | D:2      | Reached skill level 4 in Long Blades
  1444 | D:2      | Found a radiant altar of Vehumet.
  1781 | D:2      | Reached XP level 4. HP: 25/40 MP: 4/4
  1879 | D:2      | Became a worshipper of Vehumet
  1879 | D:2      | Reached * piety under Vehumet
  1879 | D:2      | Offered knowledge of Flame Tongue by Vehumet.
  1879 | D:2      | Reached ** piety under Vehumet
  1882 | D:2      | Learned a level 1 spell: Flame Tongue
  2135 | D:2      | Offered knowledge of Sandblast by Vehumet.
  2140 | D:2      | Noticed Jessica
  2160 | D:3      | Reached skill level 1 in Conjurations
  2164 | D:3      | Reached skill level 1 in Fire Magic
  2397 | D:2      | Killed Jessica
  2397 | D:2      | Reached XP level 5. HP: 33/46 MP: 2/6
  2588 | D:2      | Found a faded altar of an unknown god.
  3032 | D:3      | Reached skill level 1 in Spellcasting
  3128 | D:3      | Noticed Ijyb
  3179 | D:3      | Killed Ijyb
  3462 | D:3      | Offered knowledge of Searing Ray by Vehumet.
  3707 | D:4      | Noticed a slave
  3734 | D:3      | Killed a slave
  3852 | D:4      | Noticed a slave
  3853 | D:4      | Noticed a slave
  3853 | D:4      | Noticed Pikel
  3859 | D:4      | Noticed a slave
  4149 | D:3      | Killed a slave
  4195 | D:3      | HP: 2/47 [slave[Pikel] (7)]
  4284 | D:3      | HP: 1/47 [slave[Pikel] (5)]
  4285 | D:3      | Killed a slave
  4375 | D:4      | HP: 2/47 [slave[Pikel] (3)]
  4379 | D:4      | Killed a slave
  4826 | D:4      | Found a shattered altar of Ashenzari.
  4829 | D:4      | Noticed Dowan
  4830 | D:4      | Noticed Duvessa
  4831 | D:4      | Gained mutation: Your spells are a little harder to cast, but a little more powerful. [potion of mutation]
  4831 | D:4      | Gained mutation: You are somewhat resistant to further mutation. [potion of mutation]
  4860 | D:4      | Killed Duvessa
  4860 | D:4      | Reached skill level 5 in Long Blades
  4860 | D:4      | Reached XP level 6. HP: 20/53 MP: 4/7
  4867 | D:4      | Killed Dowan
  5178 | D:4      | Reached skill level 5 in Fighting
  5323 | D:4      | Noticed Sigmund
  5357 | D:4      | Killed Sigmund
  5357 | D:4      | Reached skill level 6 in Long Blades
  5357 | D:4      | Your scales start taking on a dull iron-grey colour.
  5357 | D:4      | Reached XP level 7. HP: 26/61 MP: 8/8
  5357 | D:4      | Gained mutation: You can survive without breathing. [Grey Draconian growth]
  6052 | D:5      | Entered Level 5 of the Dungeon
  6095 | D:4      | Reached skill level 7 in Long Blades
  6417 | D:5      | Reached *** piety under Vehumet
  6505 | D:5      | Found a glowing drain.
  6512 | Sewer    | Entered a sewer
  6613 | Sewer    | Reached XP level 8. HP: 70/70 MP: 2/9
  6659 | Sewer    | Found a white marble altar of Elyvilon.
  6815 | D:5      | Offered knowledge of Static Discharge by Vehumet.
  6978 | D:5      | Reached skill level 8 in Long Blades
  8203 | D:6      | Found a staircase to the Ecumenical Temple.
  8208 | D:6      | Noticed Menkaure
  8218 | D:6      | Killed Menkaure
  8628 | D:6      | Reached skill level 9 in Long Blades
  9305 | D:7      | Reached XP level 9. HP: 57/80 MP: 3/10
  9509 | D:7      | Reached **** piety under Vehumet
  9881 | D:8      | Noticed Harold
  9921 | D:8      | HP: 4/81 [killer bee (9)]
 10236 | D:8      | Reached skill level 10 in Long Blades
 10560 | D:8      | Offered knowledge of Lee's Rapid Deconstruction by Vehumet.
 10585 | D:8      | Learned a level 5 spell: Lee's Rapid Deconstruction
 10655 | D:8      | Noticed Grum
 10677 | D:8      | Reached skill level 1 in Earth Magic
 10685 | D:8      | Killed Grum
 10962 | D:8      | Found a staircase to the Lair.
 12657 | D:9      | Reached XP level 10. HP: 77/90 MP: 7/15
 13326 | D:9      | Reached ***** piety under Vehumet
 13603 | D:9      | Got a translucent mace
 13604 | D:9      | Identified the +6 mace of Extermination {holy, rPois MR+} (You found it on level 9 of the Dungeon)
 13787 | D:10     | Entered Level 10 of the Dungeon
 13953 | D:10     | Reached skill level 5 in Earth Magic
 13958 | D:10     | Offered knowledge of Bolt of Draining by Vehumet.
 14019 | D:10     | Noticed a two-headed ogre
 14045 | D:10     | Killed a two-headed ogre
 14045 | D:10     | Reached skill level 5 in Conjurations
 14220 | D:10     | Found a runed door.
 14311 | D:10     | Reached skill level 5 in Spellcasting
 15109 | D:10     | Noticed a two-headed ogre
 15132 | D:10     | Killed a two-headed ogre
 15217 | D:10     | Learned a level 5 spell: Bolt of Draining
 15465 | D:10     | Noticed a rakshasa
 15465 | D:10     | Noticed a yaktaur captain
 15465 | D:10     | Noticed a stone giant
 15515 | D:11     | Noticed an eight-headed hydra
 15604 | D:10     | Noticed an orc sorcerer
 15968 | D:10     | Noticed a rust devil
 15975 | D:10     | Noticed an orange demon
 15978 | D:10     | Shot with a bolt by a yaktaur captain

Vault maps used:
D:1:      ncdulo_watergridlock, serial_forest, infiniplex_forest_clump_diagonal,
          infiniplex_forest_join, infiniplex_forest_straight_5,
          infiniplex_forest_end_double, infiniplex_forest_clump_long,
          infiniplex_forest_fountain, infiniplex_forest_straight_4,
          infiniplex_forest_lined_room_3
D:2:      vehumet_crystals, chequers_ecumenical_altar_island, minmay_surrounded,
          uniq_jessica
D:3:      corner_web_ring, uniq_ijyb
D:4:      minmay_misc_feat_rows, cheibrodos_ashenzari_chains, uniq_duvessa,
          uniq_sigmund, uniq_pikel
D:5:      first_ration, lightli_sewer_entry_pipes
D:6:      minmay_temple_entry_mist, uniq_menkaure
D:8:      lair_entry_dummy, uniq_harold, uniq_grum
D:9:      grunt_pizzeria, hangedman_decor_slide_cut, roderic_roman_lattice,
          dk_rats_in_the_wall
D:10:     enter_bailey_3, minivault_13
D:11:     hangedman_feature_mirror, lemuel_tele_altar
Sewer:    sewer_kobolds

Skill      XL: |  1  2  3  4  5  6  7  8  9 10 |
---------------+-------------------------------+-----
Long Blades    | 4 5 6 7 9 10 | 10.6
Fighting       | 4 5 6 7 8 |  8.6
Conjurations   | 1 2 4 6 |  6.4
Fire Magic     | 1 2 |  2.0
Spellcasting   | 1 3 5 |  5.7
Earth Magic    | 4 7 |  7.2
Dodging        | |  2.6
Stealth        | |  1.7
Necromancy     | |  0.5

Action                   |  1- 3 |  4- 6 |  7- 9 | 10-12 || total
-------------------------+-------+-------+-------+-------++-------
Melee: Falchion          |   113 |   195 |   365 |   136 ||   809
       Tailslap          |    20 |    30 |    68 |    22 ||   140
Throw: Stone             |    25 |   115 |   109 |    75 ||   324
 Cast: Flame Tongue      |       |    64 |   261 |    96 ||   421
       Lee's Rapid Decon |       |       |       |    15 ||    15
       Bolt of Draining  |       |       |       |     2 ||     2
  Use: Scroll            |       |     7 |     3 |     3 ||    13
       Potion            |       |     5 |     2 |     1 ||     8
 Stab: Sleeping          |     4 |       |       |       ||     4
  Eat: Chunk             |     3 |    14 |    27 |    15 ||    59
       Ration            |       |       |     2 |     1 ||     3
Armor: Skin              |    38 |    79 |   231 |   115 ||   463
Dodge: Dodged            |    76 |   171 |   334 |   151 ||   732
       Rpst.: Falchion   |    20 |    48 |   104 |    22 ||   194

Table legend:
 A = Spawn XP
 B = Non-spawn XP
 C = Spawn XP percentage of total XP
 D = Spawn monster count
 E = Non-spawn monster count
 F = Spawn count percentage of total count
 G = Total turns spent on level
                    A         B        C        D         E        F      G
               +---------+---------+-------+---------+---------+-------+---------
         Total |       0 |   10464 |   0.0 |       0 |     263 |   0.0 | 15978
               +---------+---------+-------+---------+---------+-------+---------
           D:1 |       0 |      45 |   0.0 |       0 |      26 |   0.0 |  1424
           D:2 |       0 |     135 |   0.0 |       0 |      29 |   0.0 |  1267
           D:3 |       0 |     180 |   0.0 |       0 |      24 |   0.0 |  1629
           D:4 |       0 |     691 |   0.0 |       0 |      10 |   0.0 |  1892
           D:5 |       0 |     507 |   0.0 |       0 |      29 |   0.0 |  1259
           D:6 |       0 |     754 |   0.0 |       0 |      15 |   0.0 |  1499
           D:7 |       0 |     746 |   0.0 |       0 |      26 |   0.0 |  1047
           D:8 |       0 |    1614 |   0.0 |       0 |      21 |   0.0 |  1991
           D:9 |       0 |    1790 |   0.0 |       0 |      29 |   0.0 |  1930
          D:10 |       0 |    3739 |   0.0 |       0 |      41 |   0.0 |  1824
          D:11 |       0 |     114 |   0.0 |       0 |       3 |   0.0 |    33
         Sewer |       0 |     149 |   0.0 |       0 |      10 |   0.0 |   183
               +---------+---------+-------+---------+---------+-------+---------
